 Dungeon Crawl Stone Soup version 0.32-a0-702-gc29ba85809 (webtiles) character file.

Game seed: 6985853747298682680

894 Ajdolov the Firebug (level 7, -5/50 HPs)
             Began as a Mountain Dwarf Fire Elementalist on Mar 14, 2024.
             Slain by a thrashing horror (10 damage)
             ... on level 1 of the Abyss.
             The game lasted 00:16:54 (7122 turns).

Ajdolov the Firebug (MDFE)                          Turns: 7122, Time: 00:16:54

Health: -5/50      AC:  4    Str:  9 (10) XL:     7   Next: 78%
Magic:  1/11       EV: 10    Int: 16 (18) God:
Gold:   215        SH:  0    Dex:  9 (10) Spells: 5/12 levels left

rFire   . . .        r - +1 dagger (drain)
rCold   . . .        (no shield)
rNeg    . . .        a - +0 robe
rPois   .            (no helmet)
rElec   .            d - +0 cloak
rCorr   +            (no gloves)
SInv    .            j - +0 pair of boots
Will    .....        (no amulet)
Stlth   +            l - ring of resist corrosion
HPRegen 0.28/turn    (no ring)
MPRegen 0.12/turn

%: no passive effects
@: no status effects
A: runic magic, artefact enchanting
a: no special abilities


You were on level 1 of the Abyss.
You visited 1 branch of the dungeon, and saw 6 of its levels.
You visited the Abyss 1 time.

You collected 215 gold pieces.

Inventory:

Hand Weapons
 r - a +1 dagger of draining (weapon)
Armour
 a - a +0 robe (worn)
 d - a +0 cloak (worn)
 j - a +0 pair of boots (worn)
Jewellery
 l - a ring of resist corrosion (left hand)
 t - a ring of protection from fire
Scrolls
 b - a scroll of enchant armour {unknown}
 e - 7 scrolls of identify {unknown}
 f - 4 scrolls of amnesia {unknown}
 h - 2 scrolls of teleportation {unknown}
 i - a scroll of fog {unknown}
 k - 3 scrolls of noise
 o - 2 scrolls of silence {unknown}
 u - a scroll of poison {unknown}
Potions
 g - 2 potions of berserk rage
 m - a potion of invisibility {unknown}
 p - a potion of degeneration


   Skills:
 - Level 1.3 Dodging
 - Level 1.4 Stealth
 - Level 3.2 Spellcasting
 * Level 5.8 Conjurations
 + Level 7.2 Fire Magic


You had 5 spell levels left.
You knew the following spells:

 Your Spells              Type           Power      Damage    Failure   Level
a - Foxfire               Conj/Fire      92%        2x1d8     1%          1
b - Scorch                Fire           50%        2d7       1%          2
c - Flame Wave            Conj/Fire      23%        2d8       12%         4

Your spell library contained the following spells:

 Spells                   Type           Power      Damage    Failure   Level
 Inner Flame              Hex/Fire       14%        N/A       13%         3
 Volatile Blastmotes      Fire/Tloc      28%        2d12      13%         3
 Gell's Gravitas          Tloc           2%         N/A       50%         3
 Teleport Other           Tloc           2%         N/A       50%         3
 Dispersal                Tloc           1%         N/A       100%        6


Dungeon Overview and Level Annotations

Branches:
Dungeon (6/15)
 Temple: D:4-7

Altars:
Uskayaw
The Shining One

Shops:
D:2 :=*?!   D:4 !   D:5 (

Annotations:
D:5 exclusions: ice beast and two-headed ogre, Sigmund
D:6 Dowan, Duvessa, Maggie


Innate Abilities, Weirdness & Mutations

Your spellcasting is much less encumbered by armour.
You can use scrolls of enchantment on lesser artefacts.


Message History

Confirm with . or Enter, or press ? or * to list all spells.
You don't have enough magic to cast this spell.
Unknown command.
Blink to where?
Press: ? - help, Dir - move target
Found a stone.
As you read the scroll labelled YZYPER TUNI, it crumbles to dust.
It was a scroll of blinking.
Found a stone.
A tyrant leech and a thrashing horror come into view.
Found a gateway leading deeper into the Abyss.
The thrashing horror roars!
Casting: Scorch (safe; 1% risk of failure)
Confirm with . or Enter, or press ? or * to list all spells.
Okay, then.
Press: ? - help, v - describe, . - travel A gateway leading deeper into the Abyss.
The thrashing horror closely misses you. x2
Casting: Scorch (safe; 1% risk of failure)
Confirm with . or Enter, or press ? or * to list all spells.
Flames lash the thrashing horror.
The thrashing horror resists.
The thrashing horror is lightly damaged.
The thrashing horror's fire resistance burns away.
The thrashing horror tramples you.
* * * LOW HITPOINT WARNING * * *
You stumble backwards!
The thrashing horror is no longer more vulnerable to fire.
The thrashing horror tramples you.
* * * LOW HITPOINT WARNING * * *
You hold your ground!
The thrashing horror closely misses you.
The thrashing horror barely misses you. The thrashing horror tramples you.
* * * LOW HITPOINT WARNING * * *
You hold your ground!
The thrashing horror tramples you but does no damage.
The thrashing horror misses you. The thrashing horror barely misses you.
The thrashing horror closely misses you.
The thrashing horror attacks as it pursues you!
The thrashing horror tramples you!
You die...

. .# .. . #. #
..(w## # .. . .##
... #.. #### .##
.#..≈##.
#...#@.##..## .#...
#(
#..X..#...#.#....≈.
#..##.#.###..w## ..
#... #..........##.
#...##.####.#.#..#.#
. #.#..#.#
..#..#.##.#..
#.##.##.
#.###...#...... ..
.# . #.....##.. ....
#.#. ##. ........


You could see a thrashing horror.

Vanquished Creatures
  Eustachio (D:5)
  3 black bears
  An ogre (D:4)
  A howler monkey (D:3)
  2 bombardier beetles
  A hound (D:5)
  2 orc priests (D:3)
  A sleepcap (D:5)
  Jessica (D:2)
  An orc wizard (D:5)
  5 adders
  A ribbon worm (D:3)
  18 orcs
  5 endoplasms
  2 giant cockroaches
  7 goblins
  3 hobgoblins
  2 jackals (D:2)
  2 quokkas (D:4)
  2 ball pythons
  5 bats
  3 frilled lizards
  5 kobolds
  7 rats
81 creatures vanquished.

Vanquished Creatures (others)
  39 foxfires
39 creatures vanquished.

Grand Total: 120 creatures vanquished

Notes
Turn   | Place    | Note
-------+----------+-------------------------------------------
     0 | D:1      | Ajdolov the Mountain Dwarf Fire Elementalist began the
                  | quest for the Orb.
     0 | D:1      | Reached XP level 1. HP: 14/14 MP: 3/3
    43 | D:1      | Reached skill level 1 in Conjurations
   333 | D:1      | Reached XP level 2. HP: 20/20 MP: 1/4
   369 | D:1      | Learned a level 2 spell: Scorch
   577 | D:1      | Found a faded altar of an unknown god.
   587 | D:1      | Reached skill level 4 in Fire Magic
   770 | D:2      | Found Qeolihorph's Book Boutique.
   811 | D:2      | Found Gulic's General Store.
   843 | D:2      | Found Iteront's Jewellery Shop.
  1108 | D:2      | Found Bijiag's Magic Scroll Shop.
  1205 | D:2      | Noticed Jessica
  1217 | D:2      | Killed Jessica
  1218 | D:2      | Reached XP level 3. HP: 11/26 MP: 0/5
  1579 | D:2      | Found Voest's Distillery.
  2099 | D:3      | Found a hide-covered altar of Uskayaw.
  2208 | D:3      | Reached XP level 4. HP: 33/33 MP: 1/6
  3015 | D:3      | Reached skill level 5 in Fire Magic
  3015 | D:3      | Reached XP level 5. HP: 19/38 MP: 4/9
  3863 | D:4      | Noticed an ogre
  4101 | D:4      | Found Jautzyw's Distillery.
  4105 | D:4      | Noticed a black bear
  4136 | D:4      | Killed a black bear
  4137 | D:4      | Reached XP level 6. HP: 45/45 MP: 3/10
  5039 | D:4      | Reached skill level 6 in Fire Magic
  5300 | D:5      | Entered Level 5 of the Dungeon
  5434 | D:5      | Noticed a two-headed ogre
  5446 | D:5      | Found Inweklol's Antique Weapon Emporium.
  5452 | D:5      | Noticed an ice beast
  5506 | D:5      | Reached XP level 7. HP: 50/50 MP: 2/11
  5716 | D:5      | Found a glowing golden altar of the Shining One.
  5846 | D:5      | Noticed Sigmund
  6031 | D:5      | Reached skill level 5 in Conjurations
  6271 | D:5      | Noticed Eustachio
  6416 | D:4      | Learned a level 4 spell: Flame Wave
  6652 | D:5      | Killed Eustachio
  6653 | D:5      | Reached skill level 7 in Fire Magic
  6961 | D:6      | Noticed Dowan
  6963 | D:6      | Noticed Duvessa
  7003 | D:6      | Noticed Maggie
  7059 | D:6      | HP: 1/50 [Maggie/+2 broad axe of distortion (2)]
  7067 | Abyss:1  | Cast into level 1 of the Abyss (Maggie)
  7098 | Abyss:1  | Noticed a neqoxec
  7113 | Abyss:1  | Noticed a tyrant leech
  7113 | Abyss:1  | Noticed a thrashing horror
  7122 | Abyss:1  | Slain by a thrashing horror

Illustrated notes

Levels and vault maps discovered:
D:1:      lemuel_arrival_hallway, layout_rooms,
          shapermc_ecumenical_altar_mp_highgroup, minivault_24
D:2:      layout_basic, serial_shops, shop, nicolae_shop_getting_attention,
          nicolae_shop_trees, shop, shop, nrook_mini_backslash, uniq_jessica
D:3:      layout_basic, nicolae_uskayaw_murder_on_the_dancefloor
D:4:      layout_rooms, serial_shops, shop_fountains, serial_co_window_serial,
          co_window_of_opportunity_a, co_window_paths_a,
          co_window_of_opportunity_a, co_window_corner_a, co_window_corner_a,
          co_window_paths_a, co_window_corner_b, co_window_unsneaky_path_a,
          co_window_unsneaky_path_b, co_window_cross_3, co_window_paths_c,
          co_window_cross_4, co_window_4corner_b, glass_columns_b,
          glass_columns_c
D:5:      layout_basic, lemuel_crystal_altar, serial_shops,
          nicolae_shop_gibbet_a_chance, uniq_eustachio, uniq_sigmund
D:6:      layout_basic, uniq_duvessa, uniq_maggie
Abyss:1:  base: Temple, hangedman_stitches_earthworm

Skill      XL: |  1  2  3  4  5  6  7 |
---------------+----------------------+-----
Conjurations   | 1 2 3 4 5 |  5.8
Fire Magic     | 4 5 6 7 |  7.2
Spellcasting   | 2 3 |  3.2
Dodging        | |  1.3
Stealth        | |  1.4

Action                     |  1- 3 |  4- 6 |  7- 9 || total
---------------------------+-------+-------+-------++-------
  Melee: Dagger            |    28 |    28 |     4 ||    60
   Cast: Foxfire           |    21 |     3 |     3 ||    27
         Scorch            |    34 |    70 |    38 ||   142
         Flame Wave        |       |       |     3 ||     3
    Use: Potion            |       |     1 |     7 ||     8
         Scroll            |       |       |     2 ||     2
 Armour: Robe              |    23 |    34 |    28 ||    85
         Skin              |       |       |     4 ||     4
  Dodge: Dodged            |    22 |    31 |    27 ||    80

Table legend: (Time is in decaauts)
 A = Elapsed time spent in this place.
 B = Non-inter-level travel time spent in this place.
 C = Inter-level travel time spent in this place.
 D = Time resting spent in this place.
 E = Time spent auto-exploring this place.
 F = Levels seen in this place.
 G = Mean time per level.
                   A        B        C        D        E       F      G
               +--------+--------+--------+--------+--------+-----+--------+
         Total |   7126 |   6774 |    352 |    484 |   4901 |   7 | 1018.0 |
       Dungeon |   7071 |   6719 |    352 |    453 |   4901 |   6 | 1178.5 |
         Abyss |     54 |     54 |      0 |     31 |      0 |   1 |   54.0 |
               +--------+--------+--------+--------+--------+-----+--------+

Top non-repeatable levels by time:
     D:3: 1642 daAuts
     D:5: 1570 daAuts
     D:2: 1501 daAuts
     D:4: 1487 daAuts
     D:1: 838 daAuts
 Abyss:1: 54 daAuts
     D:6: 32 daAuts
